 Dungeon Crawl Stone Soup version 0.25.0-26-g0c896c7088 (webtiles) character file.

Game seed: 12348008794247381875

1212 Ethylacetat the Geomancer (level 8, -4/41 HPs)
             Began as a Gargoyle Earth Elementalist on July 3, 2020.
             Was a Follower of Vehumet.
             Killed by divine providence
             ... invoked by an orc priest
              (9 damage)
             ... on level 6 of the Dungeon.
             The game lasted 00:20:20 (7433 turns).

Ethylacetat the Geomancer (GrEE)                    Turns: 7433, Time: 00:20:21

Health: -4/41      AC: 10    Str: 23    XL:     8   Next: 46%
Magic:  10/15      EV: 12    Int: 19    God:    Vehumet [*.....]
Gold:   349        SH:  0    Dex: 10    Spells: 2/17 levels left

rFire    . . .     SeeInvis .   h - +2 short sword (venom)
rCold    . . .     Gourm    .   (no shield)
rNeg     + . .     Faith    .   c - +0 robe
rPois    ∞         Spirit   .   (no helmet)
rElec    +         Reflect  .   q - +2 cloak {rCorr}
rCorr    +         Harm     .   (no gloves)
MR       .....                  (no boots)
Stlth    ++........             (no amulet)
HPRegen  0.13/turn              k - +6 ring of strength
MPRegen  0.14/turn              m - +6 ring of strength

@: no status effects
A: negative energy resistance 1, electricity resistance, unbreathing,
petrification resistance, rot immunity, AC +5
a: Renounce Religion


You were on level 6 of the Dungeon.
You worshipped Vehumet.
Vehumet was aware of your devotion.
You were hungry.

You visited 2 branches of the dungeon, and saw 7 of its levels.

You collected 349 gold pieces.

Inventory:

Hand Weapons
 h - a +2 short sword of venom (weapon)
Missiles
 b - 130 stones
 n - a throwing net (quivered)
Armour
 c - a +0 robe (worn)
 q - a +2 cloak of preservation (worn)
Jewellery
 e - an uncursed ring of magical power
 k - a +6 ring of strength (left hand)
 m - a +6 ring of strength (right hand)
 y - a +6 ring of intelligence {unknown}
Wands
 t - a wand of clouds (5)
Scrolls
 a - 4 scrolls of identify {unknown}
 j - 2 scrolls of immolation {unknown}
 o - 3 scrolls of random uselessness {unknown}
 p - 2 scrolls of enchant armour {unknown}
 s - 2 scrolls of remove curse {unknown}
 u - a scroll of teleportation {unknown}
 v - 2 scrolls of enchant weapon {unknown}
 w - 2 scrolls of amnesia {unknown}
 C - a scroll of blinking {unknown}
Potions
 f - a potion of mutation {unknown}
 g - 2 potions of curing
 i - 2 potions of degeneration {unknown}
 l - 4 potions of heal wounds {unknown}
 r - 2 potions of resistance {unknown}
 z - a potion of brilliance {unknown}
 A - 2 potions of magic {unknown}
 B - 2 potions of invisibility {unknown}
 D - a potion of haste {unknown}
Comestibles
 d - 6 rations


   Skills:
 - Level 1.6 Dodging
 - Level 2.2 Stealth
 + Level 5.0 Spellcasting
 + Level 4.2 Conjurations
   Level 0.7 Transmutations
 * Level 9.5 Earth Magic


You had 2 spell levels left.
You knew the following spells:

 Your Spells              Type           Power        Failure   Level  Hunger
a - Sandblast             Erth           #####.       1%          1    None
b - Stone Arrow           Conj/Erth      ####..       2%          3    ##.....
c - Lee's Rapid Deconstr  Erth           #####.....   7%          5    ######.
d - Iron Shot             Conj/Erth      ####......   75%         6    #######

Your spell library contained the following spells:

 Spells                   Type           Power        Failure   Level  Hunger
 Freeze                   Ice            #...         12%         1    None
 Passwall                 Tmut/Erth      ###.....     2%          2    #......
 Foxfire                  Conj/Fire      ##..         5%          1    None
 Beastly Appendage        Tmut           #.....       10%         1    None
 Animate Skeleton         Necr           N/A          12%         1    None
 Apportation              Tloc           #.....       12%         1    None
 Corona                   Hex            #......      12%         1    None
 Summon Small Mammal      Summ           #...         12%         1    None
 Conjure Flame            Conj/Fire      ##......     16%         3    ##.....
 Petrify                  Tmut/Erth      ###.....     16%         4    ####...
 Ignite Poison            Fire/Tmut/Pois #.......     34%         3    ##.....
 Inner Flame              Hex/Fire       #.......     36%         3    ##.....
 Sticky Flame             Conj/Fire      ##......     45%         4    ####...
 Fireball                 Conj/Fire      ##........   82%         5    ######.
 Alistair's Intoxication  Tmut/Pois      #.......     96%         5    ######.


Dungeon Overview and Level Annotations

Branches:
Dungeon (6/15)             Temple (1/1) D:4

Altars:
Ashenzari
Cheibriados
Dithmenos
Fedhas
Gozag
Kikubaaqudgha
Nemelex Xobeh
Okawaru
Qazlal
Ru
Sif Muna
Trog
Uskayaw
Vehumet
Xom
Zin
The Shining One

Shops:
D:5 :!=?

Annotations:
D:3 exclusion: oklob plant
D:6 Edmund


Innate Abilities, Weirdness & Mutations

You are resistant to torment.
Your stone body is resilient. (AC +5)
You are immune to poison.
You resist negative energy. (rN+)
You are resistant to electric shocks. (rElec)
You can survive without breathing.
You are immune to petrification.
You are immune to rotting.


Message History

Edmund hits you with a +0 flail of protection.
You completely miss Edmund.
Edmund is severely wounded.
Edmund hits you with a +0 flail of protection.
You closely miss Edmund.
Edmund is severely wounded.
Edmund hits you with a +0 flail of protection.
You hit the orc priest.
The orc priest is poisoned.
The orc priest is moderately wounded.
The orc priest hits you with a +3 whip. Edmund hits you but does no damage.
You barely miss the orc priest.
The orc priest is heavily wounded.
The orc priest calls down the wrath of Beogh upon you.
Beogh smites you!
* * * LOW HITPOINT WARNING * * *
Edmund hits you with a +0 flail of protection.
* * * LOW HITPOINT WARNING * * *
The orc priest mumbles some strange prayers to Beogh against you.
Beogh smites you!
You die...

.........#.....# ..
.........#.....# ...
.........###'###### #####...#
#######.......##..###..##...#
......#.......#.............#
......'.......#.............#
......#.......#...†.........#
......#.......#o@###..###...#
#######......##.@###..###...#####
......'......'...+..........#....
......#......#...#.....o....'....
......#......#...#..........#....
#######..)...###.####.##....#....
...............### #########....
...............# #####
...............# ...............#


You could see Edmund (poisoned) and an orc priest (very poisoned).

Vanquished Creatures
  A sky beast (D:6)
  A black bear (D:6)
  An ogre (D:6)
  A centaur (D:6)
  A bullfrog (D:6)
  A gnoll sergeant (D:5)
  2 scorpions
  A howler monkey (D:5)
  A centaur zombie (D:5)
  4 hounds
  An orc priest (D:6)
  6 worker ants
  A hound zombie (D:6)
  9 gnolls
  8 adders
  A shadow imp (D:5)
  An adder zombie (D:5)
  An adder skeleton (D:4)
  2 worms
  A dart slug (D:1)
  4 leopard geckos
  5 orcs
  7 giant cockroaches
  6 goblins
  7 hobgoblins
  9 jackals
  9 kobolds
  2 quokkas
  8 bats
  5 frilled lizards
  A quokka skeleton (D:5)
  9 rats
117 creatures vanquished.

Notes
Turn   | Place    | Note
-------+----------+-------------------------------------------
     0 | D:1      | Ethylacetat the Gargoyle Earth Elementalist began the quest
                  | for the Orb.
     0 | D:1      | Reached XP level 1. HP: 10/10 MP: 3/3
   382 | D:1      | Reached skill level 4 in Earth Magic
   382 | D:1      | Reached XP level 2. HP: 9/15 MP: 5/5
  1858 | D:2      | Reached XP level 3. HP: 15/19 MP: 6/6
  2914 | D:2      | Reached skill level 5 in Earth Magic
  2923 | D:2      | Learned a level 3 spell: Stone Arrow
  3401 | D:3      | Reached XP level 4. HP: 23/24 MP: 8/8
  3684 | D:3      | Found a blossoming altar of Fedhas.
  3710 | D:3      | Noticed an oklob plant
  4206 | D:3      | Reached XP level 5. HP: 28/28 MP: 9/9
  4624 | D:4      | Reached skill level 6 in Earth Magic
  4818 | D:4      | Found a staircase to the Ecumenical Temple.
  5015 | D:4      | Found a sparkling altar of Nemelex Xobeh.
  5146 | D:4      | Reached skill level 1 in Conjurations
  5146 | D:4      | Reached XP level 6. HP: 29/32 MP: 11/11
  5403 | D:4      | Found a sacrificial altar of Ru.
  5561 | Temple   | Entered the Ecumenical Temple
  5717 | Temple   | Became a worshipper of Vehumet
  5783 | D:5      | Entered Level 5 of the Dungeon
  5802 | D:5      | Found Lyud's Jewellery Shoppe.
  5804 | D:5      | Found a shattered altar of Ashenzari.
  5824 | D:5      | Found Calizi's Magic Scroll Emporium.
  5884 | D:5      | Reached skill level 7 in Earth Magic
  5983 | D:5      | Found Xemoygge's Distillery.
  5990 | D:5      | Found a bloodstained altar of Trog.
  6069 | D:5      | Found Zuegiota's Book Shop.
  6287 | D:5      | Reached XP level 7. HP: 33/36 MP: 8/12
  6449 | D:5      | Identified Roxanne's Disquisition on Stones and Moulding
  6457 | D:5      | Learned a level 5 spell: Lee's Rapid Deconstruction
  6673 | D:5      | Reached skill level 8 in Earth Magic
  6773 | D:5      | Found an iron altar of Okawaru.
  6883 | D:6      | Found a glowing golden altar of the Shining One.
  6964 | D:6      | Reached * piety under Vehumet
  6964 | D:6      | Offered knowledge of Freeze by Vehumet.
  6998 | D:6      | Reached XP level 8. HP: 40/41 MP: 11/14
  7010 | D:6      | Learned a level 6 spell: Iron Shot
  7061 | D:6      | Reached skill level 9 in Earth Magic
  7385 | D:6      | Noticed Edmund
  7426 | D:6      | Reached skill level 5 in Spellcasting
  7433 | D:6      | Killed from afar by an orc priest

Illustrated notes

Levels and vault maps discovered:
D:1:      ebering_trefoil_3fold, layout_basic
D:2:      layout_basic, minmay_domino_4
D:3:      layout_loops_cross, tgw_fedhas, first_ration
D:4:      layout_basic, nicolae_overflow_hidden_temple, lemuel_crystal_altar,
          temple_doors_e, hangedman_abyss_or_decor_stagger
D:5:      layout_rooms, lemuel_coloured_pillars_altar,
          cheibrodos_ashenzari_chains, serial_shops,
          nicolae_shop_window_shopping, shop_scrolls, shop,
          kennysheep_little_box, basic_altar
D:6:      layout_gridville, overflow_temple_1_default, lemuel_doored_altar,
          minmay_microvault, uniq_edmund
Temple:   oiseaux_autumnal_temple

Skill      XL: |  1  2  3  4  5  6  7  8 |
---------------+-------------------------+-----
Earth Magic    | 4 5 6 7 8 9 |  9.5
Spellcasting   | 3 4 5 |  5.0
Conjurations   | 1 2 3 4 |  4.2
Dodging        | |  1.6
Stealth        | |  2.2
Transmutations | |  0.7

Action                   |  1- 3 |  4- 6 |  7- 9 || total
-------------------------+-------+-------+-------++-------
Melee: Unarmed           |   197 |       |       ||   197
       Short sword       |    45 |   168 |    71 ||   284
 Cast: Sandblast         |    16 |     5 |    19 ||    40
       Lee's Rapid Decon |       |       |     1 ||     1
       Stone Arrow       |       |       |     8 ||     8
 Stab: Sleeping          |     7 |     2 |       ||     9
       Distracted        |       |     1 |       ||     1
  Eat: Chunk             |     7 |    10 |     4 ||    21
Armor: Robe              |    93 |    69 |    43 ||   205
Dodge: Dodged            |   171 |   130 |    51 ||   352
